 Dungeon Sprint DCSS version 0.22.1-1-ga44c0e56f4 (webtiles) character file.

128 MuseOD the Covert (level 4, -10/22 HPs)
             Began as a Spriggan Enchanter on Sept 22, 2018.
             Mangled by a neqoxec (12 damage)
             ... in the Dungeon (Sprint II: "The Violet Keep of Menkaure").
             The game lasted 00:00:23 (38 turns).

MuseOD the Covert (Spriggan Enchanter)                Turns: 38, Time: 00:00:25

Health: -10/22     AC:  1    Str:  4      XL:     4   Next: 86%
Magic:  9/9        EV: 18    Int: 15      God:
Gold:   0          SH:  0    Dex: 14 (16) Spells: 7/8 levels left

rFire    . . .     SeeInvis +   a - +1 dagger
rCold    . . .     Gourm    .   (shield restricted)
rNeg     . . .     Faith    .   b - +0 robe
rPois    .         Spirit   .   (helmet restricted)
rElec    .         Reflect  .   (no cloak)
rCorr    .         Harm     .   (gloves unavailable)
MR       .....     NoTele   +   (boots unavailable)
Stlth    ++++......             (no amulet)
HPRegen  0.07/turn              (no ring)
MPRegen  0.11/turn              (no ring)

@: berserk cooldown, hasted and slowed, very quick
A: very small, unfitting armour, see invisible, deformed body, dopey 1,
herbivore, speed 3, frail 1, slow metabolism 2, no potion heal 1
a: no special abilities


You were in the Dungeon.
You were not hungry.

You visited 1 branch

Inventory:

Hand Weapons
 a - a +1 dagger (weapon)
Armour
 b - a +0 robe (worn)
Scrolls
 j - a scroll of blinking
Potions
 h - 2 potions of magic
Comestibles
 d - a ration


   Skills:
 + Level 3.8 Fighting
 * Level 7.5 Short Blades
 - Level 3.0 Dodging
 + Level 8.7 Stealth
 - Level 2.6 Spellcasting
 - Level 3.6 Hexes


You had 7 spell levels left.
You knew the following spells:

 Your Spells              Type           Power        Failure   Level  Hunger
a - Corona                Hex            ##.....      4%          1    #......

Your spell library contained the following spells:

 Spells                   Type           Power        Failure   Level  Hunger
 Confuse                  Hex            ##......     14%         3    ###....
 Tukima's Dance           Hex            ##......     14%         3    ###....
 Ensorcelled Hibernation  Hex/Ice        #.....       16%         2    ##.....
 Dazzling Spray           Conj/Hex       #.....       30%         3    ###....


Dungeon Overview and Level Annotations

Branches:
Dungeon (1/1)

Altars:


Innate Abilities, Weirdness & Mutations

You are very small and have problems with some larger weapons.
You are too small for most types of armour.
You have supernaturally acute eyesight. (SInv)
You are a herbivore.
You cover ground extremely quickly.
You need to consume almost no food.
Armour fits poorly on your strangely shaped body.
You are dopey. (Int -2)
You are frail. (-10% HP)
Potions are less effective at restoring your health.


Message History

The white imp misses you. The shadow imp misses you.
You hit the neqoxec but do no damage.
The neqoxec is severely wounded.
The quasit completely misses you. x2; The quasit claws you.
You feel clumsy. The neqoxec gestures at you.
Strange energies course through your body.
Your system partially rejects the healing effects of potions.
The shadow imp barely misses you. The white imp gestures at you.
The puff of frost hits you!
* * * LOW HITPOINT WARNING * * *
You barely miss the neqoxec.
The neqoxec is severely wounded.
The quasit misses you. The quasit completely misses you. The quasit claws you.
* * * LOW HITPOINT WARNING * * *
You feel clumsy. The neqoxec hits you!
Ouch! That really hurt!
You die...

#+#
##5###
+.5@3#
##5##.#
#+# .#
#


You could see a neqoxec, a quasit, a white imp and a shadow imp.

Vanquished Creatures
  A neqoxec (D)
1 creature vanquished.

Vanquished Creatures (others)
  A crocodile (D)
1 creature vanquished.

Grand Total: 2 creatures vanquished

Notes
Turn   | Place    | Note
-------+----------+-------------------------------------------
     0 | D        | MuseOD the Spriggan Enchanter began the quest for the Orb.
     0 | D        | Reached XP level 1. HP: 9/9 MP: 5/5
     1 | D        | Noticed a neqoxec
     1 | D        | Noticed a neqoxec
     8 | D        | Gained mutation: You are frail. (-10% HP) [a neqoxec]
    10 | D        | Gained mutation: You are dopey. (Int -2) [a neqoxec]
    13 | D        | Killed a neqoxec
    13 | D        | Reached skill level 8 in Stealth
    13 | D        | Reached XP level 2. HP: 15/15 MP: 6/6
    13 | D        | Reached XP level 3. HP: 18/18 MP: 8/8
    13 | D        | Reached XP level 4. HP: 22/22 MP: 9/9
    18 | D        | Killed a crocodile
    33 | D        | Gained mutation: Armour fits poorly on your strangely
                  | shaped body. [a neqoxec]
    37 | D        | Gained mutation: Potions are less effective at restoring
                  | your health. [a neqoxec]
    38 | D        | Mangled by a neqoxec

Skill      XL: |  1 |
---------------+----+-----
Fighting       | 3 |  3.8
Short Blades   | 7 |  7.5
Stealth        | 8 |  8.7
Dodging        | |  3.0
Spellcasting   | |  2.6
Hexes          | |  3.6

Action                   |  1- 3 |  4- 6 || total
-------------------------+-------+-------++-------
Melee: Dagger            |    11 |    22 ||    33
  Use: Potion            |     1 |     3 ||     4
Armor: Robe              |       |     4 ||     4
Dodge: Dodged            |     3 |    29 ||    32
